 Dungeon Crawl Stone Soup version 0.30-a0-672-gc3a7216ad8 (webtiles) character file.

Game seed: 6833901953188726970

95 wormed the Caller (level 4, -2/25 HPs)
             Began as a Deep Elf Summoner on Jan 18, 2023.
             Constricted to death by Jessica (3 damage)
             ... on level 3 of the Dungeon.
             The game lasted 00:05:38 (3208 turns).

wormed the Caller (Deep Elf Summoner)               Turns: 3208, Time: 00:05:38

Health: -2/25      AC:  3    Str:  5    XL:     4   Next: 39%
Magic:  6/11       EV: 10    Int: 22    God:
Gold:   170        SH:  0    Dex: 15    Spells: 3/10 levels left

rFire   . . .      SeeInvis .    (no weapon)
rCold   . . .      Faith    .    (no shield)
rNeg    . . .      Spirit   .    a - +0 robe
rPois   .          Reflect  .    (no helmet)
rElec   .          Harm     .    (no cloak)
rCorr   .          Rampage  .    h - +0 pair of gloves
Will    .....                    (no boots)
Stlth   ++                       (no amulet)
HPRegen 0.24/turn                (no ring)
MPRegen 0.12/turn                (no ring)

@: grasped by roots, constricted
A: no striking features
a: no special abilities


You were on level 3 of the Dungeon.
You visited 1 branch of the dungeon, and saw 3 of its levels.

You collected 170 gold pieces.

Inventory:

Missiles
 i - 14 poisoned darts
Armour
 a - a +0 robe (worn)
 h - a +0 pair of gloves (worn)
Jewellery
 n - a ring of resist corrosion
 o - an amulet of guardian spirit
Wands
 r - a wand of quicksilver (12)
Scrolls
 c - a scroll of identify {unknown}
 d - a scroll of acquirement {unknown}
 f - a scroll of poison {unknown}
 g - a scroll of teleportation {unknown}
 l - a scroll of noise {unknown}
 p - a scroll of blinking {unknown}
 s - a scroll of fear {unknown}
Potions
 b - 2 potions of magic
 e - 2 potions of invisibility {unknown}
 j - 2 potions of curing {unknown}
 k - 2 potions of haste {unknown}
 m - a potion of cancellation {unknown}
 q - a potion of lignification {unknown}


   Skills:
 + Level 1.1 Fighting
 + Level 3.1 Dodging
 + Level 3.2 Stealth
 + Level 3.5 Spellcasting
 + Level 1.5 Hexes
 * Level 5.1 Summonings


You had 3 spell levels left.
You knew the following spells:

 Your Spells              Type           Power      Damage    Failure   Level
a - Summon Small Mammal   Summ           100%       N/A       1%          1
b - Call Canine Familiar  Summ           26%        N/A       4%          3
c - Summon Guardian Gole  Hex/Summ       18%        N/A       9%          3

Your spell library contained the following spells:

 Spells                   Type           Power      Damage    Failure   Level
 Call Imp                 Summ           26%        N/A       2%          2
 Hailstorm                Conj/Ice       3%         3d3       34%         3
 Summon Lightning Spire   Summ/Air       15%        N/A       38%         4
 Airstrike                Air            1%         2d(1-17)  75%         4
 Ice Form                 Ice/Tmut       3%         N/A       75%         4
 Yara's Violent Unravell  Hex/Tmut       3%         3d4       94%         5
 Lightning Bolt           Conj/Air       1%         1d12      97%         5
 Simulacrum               Ice/Necr       1%         N/A       100%        6
 Enfeeble                 Hex            5%         N/A       100%        7


Dungeon Overview and Level Annotations

Branches:
Dungeon (3/15)

Altars:

Annotations:
D:3 Jessica, Robin


Message History

Jessica grins evilly.
The grasping roots constrict you.
Casting: Summon Guardian Golem (quite dangerous; 9% risk of failure)
Confirm with . or Enter, or press ? or * to list all spells.
The spell is quite dangerous to miscast (4% risk of failure)!
Continue anyway?
You miscast Call Canine Familiar.
You are very lightly contaminated with residual magic.
Nothing appears to happen.
The grasping roots constrict you.
Casting: Call Canine Familiar (quite dangerous; 4% risk of failure)
Confirm with . or Enter, or press ? or * to list all spells.
The spell is quite dangerous to miscast (4% risk of failure)!
Continue anyway?
Jessica gestures wildly.
The grasping roots constrict you. x2
The grasping roots release their grip on you.
You swap places.
Jessica misses your hound.
Jessica points at you and mumbles some strange words.
Your hound writhes in agony!
Your hound closely misses Jessica.
Your hound closely misses Jessica.
Jessica zaps a wand.
The roots erupt in riotous growth!
Roots grab your hound.
Jessica is unaffected.
The grasping roots constrict your hound.
Your hound closely misses Jessica.
Jessica hits your hound with a +0 dagger.
Your hound dies!
Your hound's corpse disappears in a puff of smoke!
Jessica points at you and mumbles some strange words.
You resist with some effort.
Jessica zaps a wand.
The roots erupt in riotous growth!
The grasping roots grab you! The grasping roots constrict you. x2
Your magical contamination has completely faded away.
You escape the roots grasp.
Jessica gestures at you while chanting. Pain shoots through your body!
* * * LOW HITPOINT WARNING * * *
Jessica zaps a wand.
The roots erupt in riotous growth!
The grasping roots grab you! The grasping roots constrict you.
You die...

########.########
########.####### #.#
#..............# #.#
#.##...........# #.#
#.##...........# #.#
#.##...........# #.#
#.##...........# #.#
#.##...........#####.#####
#.##............@....@...#
#.##....<..........#)###.#
#.##...........###.#.# #.#
#.##...........# #.#.# #.#
..##########.### #.#.# #.#
...........#.# #.#.# #.#
##########.#.# #.#.# #.# .
....[...#.#####.#.###.#
##########.............#


You could see Jessica (fast).

Vanquished Creatures
  A rat (D:1)
1 creature vanquished.

Vanquished Creatures (collateral kills)
  3 adders
  4 worms
  3 ball pythons
  3 endoplasms
  5 giant cockroaches (D:2)
  10 goblins
  6 hobgoblins
  A jackal (D:2)
  4 quokkas
  A bat (D:2)
  3 frilled lizards
  4 kobolds
  3 rats
50 creatures vanquished.

Grand Total: 51 creatures vanquished

Notes
Turn   | Place    | Note
-------+----------+-------------------------------------------
     0 | D:1      | wormed the Deep Elf Summoner began the quest for the Orb.
     0 | D:1      | Reached XP level 1. HP: 10/10 MP: 6/6
   351 | D:1      | Found a faded altar of an unknown god.
   548 | D:1      | Reached XP level 2. HP: 15/15 MP: 6/8
  1453 | D:2      | Reached XP level 3. HP: 20/20 MP: 7/9
  1457 | D:2      | Learned a level 3 spell: Call Canine Familiar
  1461 | D:2      | Learned a level 3 spell: Summon Guardian Golem
  1960 | D:2      | Reached skill level 1 in Hexes
  2058 | D:2      | Reached skill level 5 in Summonings
  2594 | D:3      | Reached XP level 4. HP: 24/24 MP: 8/11
  2762 | D:3      | Reached skill level 1 in Fighting
  2861 | D:3      | Identified the -2 helmet of Xufuubrubb {rPois Stlth+}
  2861 | D:3      | Noticed Robin
  3162 | D:3      | Noticed Jessica
  3208 | D:3      | HP: 1/25 [Jessica/nerve-wracking pain (10)]
  3208 | D:3      | Constricted to death by Jessica

Illustrated notes

Levels and vault maps discovered:
D:1:      dpeg_arrival_arbitrary_b, layout_basic,
          shapermc_ecumenical_altar_venn, lemuel_flame_loot_1
D:2:      layout_basic, minmay_pentomino_t4
D:3:      layout_basic, uniq_robin, uniq_jessica

Skill      XL: |  1  2  3  4 |
---------------+-------------+-----
Dodging        | 3 |  3.1
Hexes          | 1 |  1.5
Summonings     | 5 |  5.1
Stealth        | 3 |  3.2
Fighting       | 1 |  1.1
Spellcasting   | |  3.5

Action                   |  1- 3 |  4- 6 || total
-------------------------+-------+-------++-------
Melee: Unarmed           |    32 |     1 ||    33
 Cast: Summon Small Mamm |    36 |     3 ||    39
       Call Canine Famil |     9 |     7 ||    16
       Summon Guardian G |       |     1 ||     1
Armor: Robe              |     6 |       ||     6
Dodge: Dodged            |    20 |       ||    20

Table legend: (Time is in decaauts)
 A = Elapsed time spent in this place.
 B = Non-inter-level travel time spent in this place.
 C = Inter-level travel time spent in this place.
 D = Time resting spent in this place.
 E = Time spent auto-exploring this place.
 F = Levels seen in this place.
 G = Mean time per level.
                   A        B        C        D        E       F      G
               +--------+--------+--------+--------+--------+-----+--------+
         Total |   3207 |   3023 |    184 |      0 |   2404 |   3 | 1069.0 |
       Dungeon |   3207 |   3023 |    184 |      0 |   2404 |   3 | 1069.0 |
               +--------+--------+--------+--------+--------+-----+--------+

Top non-repeatable levels by time:
     D:2: 1305 daAuts
     D:1: 1279 daAuts
     D:3: 622 daAuts
